 Dungeon Crawl Stone Soup version 0.21.1-1-g345015f (webtiles) character file.

3087 CougarLife the Grappler (level 9, 0/84 HPs)
             Began as a Troll Monk on June 1, 2018.
             Was an Elder of Okawaru.
             Slain by a gnoll sergeant
             ... wielding a +0 bardiche
              (13 damage)
             ... in a bailey.
             The game lasted 00:13:08 (5445 turns).

CougarLife the Grappler (Troll Monk)                Turns: 5445, Time: 00:13:09

Health: 0/84       AC: 10    Str: 23    XL:     9   Next: 59%
Magic:  11/11      EV: 10    Int:  7    God:    Okawaru [****..]
Gold:   193        SH:  0    Dex: 12    Spells: 8/8 levels left

rFire    . . .     SeeInvis .     - Unarmed
rCold    . . .     Gourm    +   (no shield)
rNeg     . . .     Faith    .   x - +0 acid dragon scales
rPois    .         Spirit   .   (helmet restricted)
rElec    .         Reflect  .   (no cloak)
rCorr    +         Harm     .   (gloves unavailable)
MR       .....                  (boots unavailable)
Stlth    +.........             s - amulet of rage
HPRegen  0.64/turn              (no ring)
MPRegen  0.12/turn              (no ring)

@: no status effects
A: large, unfitting armour, claws 3, fast metabolism 3, gourmand, regeneration
1, shaggy fur 1, tough skin 2
a: Heroism, Renounce Religion, Evoke Berserk Rage


You were in a bailey.
You worshipped Okawaru.
Okawaru was greatly pleased with you.
You were completely stuffed.

You visited 2 branches of the dungeon, and saw 8 of its levels.
You also visited: Bailey.

You collected 193 gold pieces.

Inventory:

Hand Weapons
 B - the +9 staff of Olgreb {rPois}
   (You found it on level 6 of the Dungeon)

   It protects you from poison.
Missiles
 q - 4 large rocks (quivered)
Armour
 x - +0 acid dragon scales (worn)
Jewellery
 s - an amulet of rage (around neck)
 y - a cursed ring of loudness {unknown}
 D - an uncursed ring of wizardry {unknown}
Wands
 z - a wand of disintegration (8)
 A - a wand of digging (10)
 C - a wand of acid (11)
Scrolls
 a - 3 scrolls of teleportation {unknown}
 d - 2 scrolls of immolation
 f - 2 scrolls of blinking {unknown}
 g - 2 scrolls of remove curse {unknown}
 h - 2 scrolls of identify
 i - a scroll of noise {unknown}
 p - a scroll of magic mapping {unknown}
 t - 4 scrolls of fear {unknown}
 u - a scroll of enchant weapon {unknown}
 w - a scroll of enchant armour {unknown}
Potions
 c - 2 potions of curing
 e - a potion of heal wounds {unknown}
 k - 5 potions of haste
 l - 2 potions of experience {unknown}
 m - a potion of ambrosia {unknown}
 n - a potion of agility {unknown}
 o - 2 potions of resistance {unknown}
 r - 2 potions of mutation {unknown}
 v - a potion of flight {unknown}
 E - a potion of degeneration {unknown}
Comestibles
 b - 11 rations
 j - 23 chunks of flesh


   Skills:
 - Level 4.0 Fighting
 + Level 3.3 Throwing
 - Level 4.0 Armour
 - Level 3.1 Dodging
 - Level 1.0 Stealth
 - Level 10.2 Unarmed Combat
 - Level 4.3 Invocations


You had 8 spell levels left.
You didn't know any spells.

Dungeon Overview and Level Annotations

Branches:
Dungeon (7/15)             Temple (1/1) D:4

Altars:
Ashenzari
Dithmenos
Elyvilon
Fedhas
Gozag
Hepliaklqana
Kikubaaqudgha
Makhleb
Nemelex Xobeh
Okawaru
Qazlal
Ru
Sif Muna
Trog
Uskayaw
Vehumet
Wu Jian
Xom
Yredelemnul
Zin
The Shining One


Innate Abilities, Weirdness & Mutations

You are too large for most types of armour.
You have claws for hands.
Your metabolism is lightning-fast.
You like to eat raw meat.
Your natural rate of healing is unusually fast.
You are covered in fur. (AC +1)
You have very tough skin. (AC +2)


Message History

The gnoll sergeant misses you.
You scratch the gnoll sergeant but do no damage.
The gnoll sergeant is lightly wounded.
The gnoll sergeant hits you but does no damage.
You barely miss the gnoll sergeant.
The gnoll sergeant is lightly wounded.
The gnoll sergeant completely misses you.
You barely miss the gnoll sergeant.
The gnoll sergeant is lightly wounded.
The gnoll sergeant hits you with a bardiche!
* * * LOW HITPOINT WARNING * * *
The gnoll sergeant hits you but does no damage.
You scratch the gnoll sergeant but do no damage.
The gnoll sergeant is lightly wounded.
You claw the gnoll sergeant!
The gnoll sergeant is severely wounded.
The gnoll sergeant hits you from afar with a halberd.
* * * LOW HITPOINT WARNING * * *
The gnoll sergeant hits you with a bardiche!
You die...

##.....##
##)))## ##)##
#.))# #.g.#
#.).#
.######'g'######
........g.......
≈.......@.......
≈≈≈≈≈≈≈)..≈≈≈≈≈≈
♣.......).......
♣♣♣...........♣♣
♣♣.......♣♣♣♣
♣♣♣♣.∩.♣♣ ♣♣.♣♣
♣.♣ ♣∩♣


You could see 2 gnoll sergeants and a gnoll.

Vanquished Creatures
  2 hippogriffs (D:7)
  Menkaure (D:7)
  Edmund (D:5)
  3 soldier ants (D:6)
  A water moccasin (D:6)
  An orc warrior (D:6)
  An ice beast (D:6)
  3 gnoll sergeants (Bailey)
  A scorpion (D:4)
  8 killer bees (D:6)
  A howler monkey (D:5)
  A centaur zombie (D:6)
  2 gnoll shamans (Bailey)
  6 hounds
  2 jellies
  5 orc priests
  7 orc wizards
  A bullfrog skeleton (D:7)
  An iguana (D:4)
  7 worker ants
  A hound skeleton (D:5)
  A worker ant zombie (D:6)
  9 gnolls (Bailey)
  10 adders
  2 oozes
  An adder skeleton (D:5)
  A worm (D:3)
  A dart slug (D:2)
  8 leopard geckos
  15 orcs
  4 bats
  7 giant cockroaches
  12 hobgoblins
  6 jackals
  5 kobolds
  A quokka (D:7)
  2 ball pythons
  6 frilled lizards
  8 goblins
  A jackal skeleton (D:5)
  A quokka skeleton (D:6)
  10 rats
167 creatures vanquished.

Notes
Turn   | Place    | Note
-------+----------+-------------------------------------------
     0 | D:1      | CougarLife the Troll Monk began the quest for the Orb.
     0 | D:1      | Reached XP level 1. HP: 22/22 MP: 0/0
   513 | D:1      | Reached XP level 2. HP: 29/29 MP: 1/1
   856 | D:2      | Reached skill level 4 in Unarmed Combat
  1017 | D:2      | Reached XP level 3. HP: 36/36 MP: 2/2
  1576 | D:3      | Reached XP level 4. HP: 34/44 MP: 3/3
  1580 | D:3      | Reached skill level 5 in Unarmed Combat
  1585 | D:3      | Reached XP level 5. HP: 21/50 MP: 4/4
  1741 | D:3      | Reached skill level 6 in Unarmed Combat
  2001 | D:3      | Found a shattered altar of Ashenzari.
  2448 | D:4      | Reached XP level 6. HP: 55/61 MP: 5/5
  2938 | D:4      | Found a staircase to the Ecumenical Temple.
  2944 | Temple   | Entered the Ecumenical Temple
  3008 | Temple   | Became a worshipper of Warmaster Okawaru
  3008 | Temple   | Reached * piety under Okawaru
  3008 | Temple   | Reached ** piety under Okawaru
  3280 | D:5      | Entered Level 5 of the Dungeon
  3340 | D:5      | Reached skill level 1 in Invocations
  3361 | D:5      | Reached XP level 7. HP: 56/70 MP: 4/7
  3581 | D:5      | Noticed Edmund
  3593 | D:5      | Killed Edmund
  3957 | D:6      | Reached skill level 1 in Armour
  4057 | D:6      | Reached XP level 8. HP: 70/78 MP: 10/10
  4338 | D:6      | Found a runed gate.
  4338 | D:6      | Found a runed gate.
  4338 | D:6      | Found a runed gate.
  4347 | D:6      | Found a runed door.
  4363 | D:6      | Found the +9 staff of Olgreb {rPois}
  4366 | D:6      | Found a runed door.
  4661 | D:6      | Reached *** piety under Okawaru
  4665 | D:6      | Reached skill level 7 in Unarmed Combat
  4674 | D:6      | Reached skill level 8 in Unarmed Combat
  4746 | D:6      | Reached XP level 9. HP: 50/84 MP: 8/11
  4750 | D:6      | Reached skill level 9 in Unarmed Combat
  5000 | D:7      | Noticed Menkaure
  5047 | D:7      | Killed Menkaure
  5050 | D:7      | Reached **** piety under Okawaru
  5157 | D:7      | Reached skill level 10 in Unarmed Combat
  5198 | D:7      | Found a flagged portal.
  5207 | Bailey   | Entered a bailey
  5214 | Bailey   | Reached skill level 1 in Throwing
  5445 | Bailey   | Slain by a gnoll sergeant

Skill      XL: |  1  2  3  4  5  6  7  8  9 |
---------------+----------------------------+-----
Unarmed Combat | 4 5 6 8 10 | 10.2
Dodging        | 3 |  3.1
Fighting       | 3 4 |  4.0
Invocations    | 2 4 |  4.3
Armour         | 3 4 |  4.0
Throwing       | 3 |  3.3
Stealth        | |  1.0

Action                   |  1- 3 |  4- 6 |  7- 9 || total
-------------------------+-------+-------+-------++-------
Melee: Unarmed           |   123 |   109 |   239 ||   471
       Punch             |     2 |       |    10 ||    12
Throw: Large rock        |       |       |     3 ||     3
Invok: Heroism           |       |     1 |     9 ||    10
  Use: Scroll            |     2 |     1 |     2 ||     5
 Stab: Sleeping          |     4 |     4 |       ||     8
       Distracted        |       |     1 |       ||     1
  Eat: Chunk             |    16 |    16 |    20 ||    52
       Ration            |     1 |       |       ||     1
Armor: Robe              |    40 |    23 |       ||    63
       Acid dragon scale |       |    28 |   111 ||   139
Dodge: Dodged            |    53 |    62 |   175 ||   290
